 Dungeon Crawl Stone Soup version 0.21.0-24-g2553a33 (webtiles) character file.

5774 wojtek the Cleaver (level 10, -7/91 HPs)
             Began as a Minotaur Fighter on Jan 21, 2018.
             Was a Believer of Makhleb.
             Mangled by a seven-headed hydra (9 damage)
             ... on level 11 of the Dungeon.
             The game lasted 00:13:47 (10554 turns).

wojtek the Cleaver (Minotaur Fighter)              Turns: 10554, Time: 00:13:48

Health: -7/91      AC: 17    Str: 29    XL:     10   Next: 49%
Magic:  13/13      EV:  5    Int:  5    God:    Makhleb [**....]
Gold:   582        SH: 10    Dex: 10    Spells: 9/9 levels left

rFire    . . .     SeeInvis .   b - +2 hand axe (chop)
rCold    . . .     Gourm    .   c - +0 shield
rNeg     . . .     Faith    .   K - +0 plate armour
rPois    .         Spirit   .   (helmet restricted)
rElec    .         Reflect  .   D - +0 cloak
rCorr    .         Harm     .   (no gloves)
MR       .....                  q - +0 pair of boots
Stlth    ..........             (no amulet)
HPRegen  0.25/turn              (no ring)
MPRegen  0.13/turn              (no ring)

@: mighty, hasted, very quick
A: retaliatory headbutt, horns 2
a: Minor Destruction, Renounce Religion


You were on level 11 of the Dungeon.
You worshipped Makhleb.
Makhleb was pleased with you.
You were hungry.

You visited 2 branches of the dungeon, and saw 12 of its levels.

You collected 602 gold pieces.
You spent 20 gold pieces at shops.

Inventory:

Hand Weapons
 a - a +0 war axe
 b - a +2 hand axe of chopping (weapon)
Missiles
 y - 2 throwing nets (quivered)
Armour
 c - a +0 shield (worn)
 q - a +0 pair of boots (worn)
 t - a +1 leather armour of magic resistance
 v - a +0 chain mail
 D - a +0 cloak (worn)
 H - the +2 leather armour "Taluos" {rF- rN+ MP+9 Slay+3, unknown}
   (You found it on level 8 of the Dungeon)

   It affects your accuracy and damage with ranged weapons and melee attacks
   (+3).
   It makes you vulnerable to fire.
   It protects you from negative energy.
   It affects your magic capacity (+9).
 K - a +0 plate armour (worn)
Jewellery
 m - an uncursed ring of protection from fire {unknown}
 o - a cursed -3 ring of dexterity {unknown}
 E - a +3 ring of strength {unknown}
 G - an uncursed ring of protection from magic {unknown}
 J - an uncursed amulet of the gourmand {unknown}
Wands
 C - a wand of digging (7)
Scrolls
 g - a scroll of immolation {unknown}
 i - 5 scrolls of identify
 k - a scroll of enchant weapon {unknown}
 p - a scroll of random uselessness {unknown}
 s - 7 scrolls of teleportation {unknown}
 x - 2 scrolls of magic mapping
 z - a scroll of acquirement {unknown}
 A - 2 scrolls of remove curse
 I - a scroll of fear {unknown}
 L - a scroll of enchant armour {unknown}
Potions
 d - a potion of might
 e - a potion of heal wounds {unknown}
 h - 2 potions of mutation {unknown}
 j - 2 potions of haste
 l - a potion of curing
 n - a potion of lignification {unknown}
 u - 3 potions of degeneration {unknown}
 B - a potion of ambrosia {unknown}
 F - 2 potions of brilliance {unknown}
Books
 r - a book of Necromancy

   Spells                             Type                      Level
   a - Pain                           Necromancy                   1
   b - Animate Skeleton               Necromancy                   1
   c - Vampiric Draining              Necromancy                   3
   d - Regeneration                   Charms/Necromancy            3
   e - Animate Dead                   Necromancy                   4
   f - Borgnjor's Vile Clutch         Necromancy/Earth             5
 w - a book of Misfortune

   Spells                             Type                      Level
   a - Confusing Touch                Hexes                        1
   b - Confuse                        Hexes                        3
   c - Gell's Gravitas                Translocation                3
   d - Petrify                        Transmutation/Earth          4
   e - Metabolic Englaciation         Hexes/Ice                    5
   f - Yara's Violent Unravelling     Hexes/Transmutation          5
Comestibles
 f - 17 rations


   Skills:
 + Level 9.3 Fighting
 * Level 12.1 Axes
 + Level 9.3 Armour
 - Level 3.6 Shields
 * Level 6.5 Invocations


You had 9 spell levels left.
You didn't know any spells.

Dungeon Overview and Level Annotations

Branches:
Dungeon (11/15)            Temple (1/1) D:6            Lair (0/6) D:10
    Orc (0/2) D:11

Altars:
Ashenzari
Cheibriados
Dithmenos
Elyvilon
Fedhas
Gozag
Hepliaklqana
Kikubaaqudgha
Makhleb
Nemelex Xobeh
Okawaru
Qazlal
Ru
Trog
Uskayaw
Vehumet
Wu Jian
Xom
Yredelemnul
Zin
The Shining One

Shops:
D:7 [   D:9 *


Innate Abilities, Weirdness & Mutations

You reflexively headbutt those who attack you in melee.
You have a pair of horns on your head.


Message History

The seven-headed hydra bites you!
* * * LOW HITPOINT WARNING * * *
The seven-headed hydra bites you but does no damage. x2
The seven-headed hydra bites you.
* * * LOW HITPOINT WARNING * * *
The seven-headed hydra bites you.
* * * LOW HITPOINT WARNING * * *
The seven-headed hydra bites you!
* * * LOW HITPOINT WARNING * * *
The seven-headed hydra bites you!
* * * LOW HITPOINT WARNING * * *
Unknown command.
Unknown command.
Unknown command.
Unknown command.
It was a potion of haste.
You feel yourself speed up.
The seven-headed hydra barely misses you.
The seven-headed hydra completely misses you.
The seven-headed hydra bites you!
You die...

,,,,,,...#.,,,,,,**,,,***********
,,,,.,,..#.*****,##,,..,,,,,,,,<*
,,**#.#,...* *,.,,,.*********,,
*** *,..#..* *.#*,.#* *,,,,,
***,...* *#.#*..# *,****
**,#.####.#,#..# *,*
*,#...<.###..,* *,*
*,######.#.#,,* **,**
*,*****##@#*,,******,,,***
*,#.)...D........,,,,*,,,,
*,...(...........,,*,,,***
**#.#####.##.####****,** *,*
#.#*$# *,* **** *,*
#.#*,#*******,**** ,,,* *,*
#.#*,,,,,,,,,,,,,, **,* *,*
#.#**********,,,,, *,*******,*
*,* ******


You could see a seven-headed hydra.

Vanquished Creatures
  2 two-headed ogres (D:8)
  2 hippogriffs
  Eustachio (D:5)
  A hungry ghost (D:10)
  Edmund (D:5)
  A water moccasin (D:9)
  3 orc warriors
  A hornet zombie (D:10)
  3 ice beasts
  2 phantoms
  A sky beast (D:8)
  An ogre (D:7)
  A centaur (D:5)
  2 big kobolds
  Blork the orc (D:5)
  6 bullfrogs
  3 scorpions
  5 killer bees
  3 howler monkeys
  4 crimson imps
  A bullfrog zombie (D:8)
  4 orc priests
  A centaur zombie (D:6)
  5 hounds
  4 jellies
  A bullfrog skeleton (D:10)
  5 orc wizards
  Crazy Yiuf (D:7)
  9 worker ants
  2 iguanas
  A hound skeleton (D:4)
  2 hound zombies
  A worker ant zombie (D:5)
  10 gnolls
  11 adders
  2 shadow imps (D:6)
  2 oozes
  An adder zombie (D:7)
  An adder skeleton (D:5)
  A worm (D:2)
  3 dart slugs
  6 leopard geckos
  41 orcs
  3 ball pythons
  15 bats
  7 giant cockroaches
  8 goblins
  7 hobgoblins
  10 jackals
  20 kobolds
  6 quokkas
  4 frilled lizards
  12 rats
251 creatures vanquished.

Notes
Turn   | Place    | Note
-------+----------+-------------------------------------------
     0 | D:1      | wojtek the Minotaur Fighter began the quest for the Orb.
     0 | D:1      | Reached XP level 1. HP: 19/19 MP: 0/0
   292 | D:1      | Reached XP level 2. HP: 22/27 MP: 1/1
   368 | D:1      | Reached skill level 3 in Axes
   582 | D:1      | Reached XP level 3. HP: 33/33 MP: 2/2
  1058 | D:2      | Reached skill level 4 in Axes
  1156 | D:2      | Reached XP level 4. HP: 40/40 MP: 3/3
  2194 | D:3      | Reached XP level 5. HP: 30/47 MP: 4/4
  2308 | D:3      | Reached skill level 5 in Axes
  2911 | D:3      | Reached skill level 5 in Fighting
  2968 | D:4      | Noticed a phantom
  2990 | D:4      | Killed a phantom
  2990 | D:4      | Reached skill level 5 in Armour
  2990 | D:4      | Reached XP level 6. HP: 48/56 MP: 5/5
  3037 | D:4      | Found a hide-covered altar of Uskayaw.
  3076 | D:4      | Reached skill level 6 in Axes
  3319 | D:4      | Noticed a dagger
  3320 | D:4      | Noticed a dagger
  3423 | D:4      | Found a stormy altar of Qazlal.
  3577 | D:5      | Entered Level 5 of the Dungeon
  3703 | D:5      | Noticed Edmund
  3704 | D:5      | Noticed Blork the orc
  3727 | D:5      | Killed Edmund
  3727 | D:5      | Reached skill level 7 in Axes
  3727 | D:5      | Reached XP level 7. HP: 50/62 MP: 6/6
  4261 | D:5      | Killed Blork the orc
  4766 | D:5      | Noticed Eustachio
  4787 | D:5      | Killed Eustachio
  4787 | D:5      | Reached skill level 8 in Axes
  4787 | D:5      | Reached XP level 8. HP: 67/71 MP: 7/7
  4912 | D:5      | Found an ornate altar of the Wu Jian Council.
  5248 | D:6      | Reached skill level 9 in Axes
  5533 | D:6      | Found a hazy altar of Hepliaklqana.
  5554 | D:6      | Found a shadowy altar of Dithmenos.
  5573 | D:6      | Found a staircase to the Ecumenical Temple.
  5638 | Temple   | Entered the Ecumenical Temple
  5696 | Temple   | Became a worshipper of Makhleb the Destroyer
  5777 | D:6      | Reached skill level 1 in Invocations
  6204 | D:7      | Reached skill level 10 in Axes
  6204 | D:7      | Reached XP level 9. HP: 80/80 MP: 9/9
  6210 | D:7      | Reached * piety under Makhleb
  6661 | D:7      | Found Uvoxto's Armour Boutique.
  6789 | D:7      | Found a runed door.
  6793 | D:7      | Noticed Crazy Yiuf
  6799 | D:7      | Killed Crazy Yiuf
  6948 | D:8      | Reached ** piety under Makhleb
  7073 | D:8      | Noticed a two-headed ogre
  7081 | D:8      | Killed a two-headed ogre
  7081 | D:8      | Reached skill level 11 in Axes
  7323 | D:8      | Noticed a two-headed ogre
  7324 | D:8      | Reached skill level 5 in Invocations
  7353 | D:7      | HP: 4/82 [killer bee (2)]
  7925 | D:8      | Reached XP level 10. HP: 83/90 MP: 11/13
  8085 | D:8      | Found a basalt altar of Yredelemnul.
  8263 | D:8      | Killed a two-headed ogre
  8438 | D:8      | Got a citrine-encrusted leather armour
  8473 | D:9      | Found a blossoming altar of Fedhas.
  8474 | D:9      | Found a glowing golden altar of the Shining One.
  8864 | D:9      | Found Heffic's General Store.
  8872 | D:9      | Bought a scroll of identify for 20 gold pieces
  9449 | D:9      | Found a glowing silver altar of Zin.
  9771 | D:10     | Entered Level 10 of the Dungeon
  9931 | D:10     | Found a staircase to the Lair.
 10057 | D:10     | Reached skill level 12 in Axes
 10546 | D:11     | Noticed a four-headed hydra
 10553 | D:11     | HP: 1/91 [seven-headed hydra (11)]
 10554 | D:11     | Mangled by a seven-headed hydra

Skill      XL: |  1  2  3  4  5  6  7  8  9 10 |
---------------+-------------------------------+-----
Axes           | 3 4 5 7 8 10 11 12 | 12.1
Armour         | 4 5 6 7 8 9 |  9.3
Fighting       | 4 5 6 7 8 9 |  9.3
Invocations    | 2 5 6 |  6.5
Shields        | |  3.6

Action                   |  1- 3 |  4- 6 |  7- 9 | 10-12 || total
-------------------------+-------+-------+-------+-------++-------
Melee: War axe           |    74 |       |       |       ||    74
       Headbutt          |     7 |    32 |    57 |    30 ||   126
       Hand axe          |    32 |   159 |   343 |   136 ||   670
Invok: Minor Destruction |       |       |       |     3 ||     3
  Use: Potion            |       |       |     3 |     2 ||     5
       Scroll            |       |       |       |     2 ||     2
  Eat: Chunk             |     1 |     8 |     8 |     5 ||    22
       Ration            |       |       |     2 |     1 ||     3
Armor: Scale mail        |    53 |    25 |       |       ||    78
       Chain mail        |       |    42 |   158 |    14 ||   214
       Plate armour      |       |       |       |    47 ||    47
Dodge: Dodged            |    28 |    53 |    48 |    12 ||   141
Block: Shield            |    56 |    62 |   137 |    59 ||   314
